 Dungeon Crawl Stone Soup version 0.28.0-53-g5a82cb258f (webtiles) character file.

Game seed: 8318765953205304757

24 safid the Skirmisher (level 3, 0/33 HPs)
             Began as a Hill Orc Fighter on July 4, 2022.
             Was an Initiate of Beogh.
             Succumbed to an adder's poison
             ... on level 3 of the Dungeon.
             The game lasted 00:01:49 (1406 turns).

safid the Skirmisher (Hill Orc Fighter)             Turns: 1406, Time: 00:01:50

Health: 0/33       AC: 10    Str: 20    XL:     3   Next: 2%
Magic:  0/3        EV:  9    Int:  8    God:    Beogh [......]
Gold:   48         SH:  4    Dex: 12    Spells: 2/2 levels left

rFire   . . .      SeeInvis .   a - +0 war axe
rCold   . . .      Faith    .   c - +0 buckler
rNeg    . . .      Spirit   +   b - +0 scale mail
rPois   .          Reflect  .   (no helmet)
rElec   .          Harm     .   k - +2 cloak
rCorr   .          Rampage  .   (no gloves)
Will    +....                   (no boots)
Stlth   ..........              i - amulet of guardian spirit
HPRegen 0.11/turn               (no ring)
MPRegen 0.08/turn               (no ring)

@: lethally poisoned (0 -> -2)
A: agile 1, strong-willed 1
a: Renounce Religion


You were on level 3 of the Dungeon.
You worshipped Beogh.
Beogh was noncommittal.
You visited 1 branch of the dungeon, and saw 3 of its levels.

You collected 48 gold pieces.

Inventory:

Hand Weapons
 a - a +0 war axe (weapon)
Armour
 b - a +0 scale mail (worn)
 c - a +0 buckler (worn)
 k - a +2 cloak (worn)
Jewellery
 i - an amulet of guardian spirit (around neck)
Scrolls
 e - a scroll of teleportation {unknown}
 f - a scroll of enchant weapon {unknown}
 h - a scroll of fog {unknown}
 l - a scroll of fear {unknown}
 m - a scroll of silence {unknown}
Potions
 d - a potion of might
 g - a potion of heal wounds {unknown}
 j - a potion of mutation
 n - a potion of haste {unknown}


   Skills:
 - Level 4.0 Fighting
 + Level 3.2 Axes
 + Level 3.7 Armour
 + Level 3.6 Shields


You had 2 spell levels left.
You didn't know any spells.
Your spell library was empty.

Dungeon Overview and Level Annotations

Branches:
Dungeon (3/15)

Altars:

Annotations:
D:3 Jessica, Pargi


Innate Abilities, Weirdness & Mutations

You are agile. (Dex +2)
You are strong-willed. (Will+)


Message History

Pain shoots through your body!
The adder hisses angrily.
You barely miss Jessica.
Jessica is moderately wounded.
Jessica hits you with a +0 club. The adder completely misses you.
You barely miss Jessica.
Jessica is lightly wounded.
You hit the adder. Jessica gestures at you while chanting.
Pain shoots through your body!
* * * LOW HITPOINT WARNING * * *
The adder bites you but does no damage. Jessica completely misses you.
The adder bites you but does no damage.
You slash the adder!
The adder is almost dead.
The adder bites you.
* * * LOW HITPOINT WARNING * * *
You are lethally poisoned!
The adder poisons you! The adder bites you but does no damage.
You closely miss the adder.
The adder is almost dead.
* * * LOW HITPOINT WARNING * * *
You feel sick. The adder bites you but does no damage.
Unknown command.
You hit the adder.
You kill the adder!
Beogh accepts your kill.
* * * LOW HITPOINT WARNING * * *
You feel sick.
Training target 4.0 for Fighting reached!
Your Fighting skill increases to level 4!
You have reached level 3!
Your experience leads to an increase in your attributes!
Increase (S)trength, (I)ntelligence, or (D)exterity?
You feel stronger. x2
Okay, then.
Unknown command.
It was a potion of mutation.
You feel extremely strange.
You feel strong-willed.
You feel agile.
You die...

#.... #. #..# #
# #..# .#
#.##...## ..#.
#.#...#.##....$
#..............
#..##@# #...@##
#..### #...###
##....# ##.#.#
#.#.# #.#.#
#.#.# #.#.#


You could see Jessica.

Vanquished Creatures
  An adder (D:3)
  An endoplasm (D:2)
  3 goblins
  2 hobgoblins (D:2)
  A quokka (D:2)
  3 ball pythons
  3 kobolds (D:2)
  A rat (D:1)
15 creatures vanquished.

Notes
Turn   | Place    | Note
-------+----------+-------------------------------------------
     0 | D:1      | safid the Hill Orc Fighter began the quest for the Orb.
     0 | D:1      | Reached XP level 1. HP: 19/19 MP: 1/1
    37 | D:1      | Found a faded altar of an unknown god.
   808 | D:2      | Reached XP level 2. HP: 21/27 MP: 2/2
  1141 | D:2      | Became a worshipper of Beogh the Brigand
  1332 | D:3      | Noticed Pargi
  1390 | D:3      | Noticed Jessica
  1405 | D:3      | HP: 1/27 [poisoned by an adder]
  1406 | D:3      | Reached skill level 4 in Fighting
  1406 | D:3      | Reached XP level 3. HP: 1/33 MP: 0/3
  1406 | D:3      | Gained mutation: You are strong-willed. (Will+) [potion of
                  | mutation]
  1406 | D:3      | Gained mutation: You are agile. (Dex +2) [potion of
                  | mutation]
  1406 | D:3      | Succumbed to an adder's poison

Illustrated notes

Levels and vault maps discovered:
D:1:      dpeg_arrival_leaves_temple_mockup, layout_loops_ring,
          basic_ecumenical_altar, nicolae_figureground_pulse
D:2:      layout_rooms
D:3:      layout_loops_ring, fiery_altar_vehumet, uniq_jessica, uniq_pargi

Skill      XL: |  1  2 |
---------------+-------+-----
Axes           | 3 |  3.2
Fighting       | 4 |  4.0
Armour         | |  3.7
Shields        | |  3.6

Action                   || total
-------------------------++-------
Melee: War axe           ||    41
Invok: Convert to Beogh  ||     1
  Use: Potion            ||     1
Armor: Scale mail        ||    22
Dodge: Dodged            ||    19
Block: Buckler           ||    10
